 Dungeon Crawl Stone Soup version 0.27.0-1-g7a089689b8 (webtiles) character file.

Game seed: 659572549219549377

2 Descartes the Ducker (level 1, -2/10 HPs)
             Began as a Vine Stalker Wanderer on Aug 15, 2021.
             Slain by a gnoll (4 damage)
             ... on level 1 of the Dungeon.
             The game lasted 00:01:09 (390 turns).

Descartes the Ducker (Vine Stalker Wanderer)         Turns: 390, Time: 00:01:10

Health: -2/10      AC:  3    Str: 15    XL:     1   Next: 40%
Magic:  0/3        EV: 11    Int: 11    God:
Gold:   12         SH:  0    Dex: 13    Spells: 2/2 levels left

rFire    . . .     SeeInvis .   a - +0 quarterstaff
rCold    . . .     Faith    .   (shield currently unavailable)
rNeg     . . .     Spirit   +   c - +0 leather armour
rPois    .         Reflect  .   (no helmet)
rElec    .         Harm     .   (no cloak)
rCorr    .         Rampage  .   (no gloves)
Will     .....                  (no boots)
Stlth    +.........             (no amulet)
HPRegen  0.03/turn              (no ring)
MPRegen  0.08/turn              (no ring)

@: no status effects
A: fangs 2, magic shield, antimagic bite, no potion heal 2
a: no special abilities


You were on level 1 of the Dungeon.
You visited 1 branch of the dungeon, and saw 1 of its levels.

You collected 12 gold pieces.

Inventory:

Hand Weapons
 a - a +0 quarterstaff (weapon)
Missiles
 b - 4 throwing nets (quivered)
 f - 6 stones
Armour
 c - a +0 leather armour (worn)
Scrolls
 d - a scroll of teleportation
 e - a scroll of magic mapping {unknown}
 g - a scroll of identify {unknown}


   Skills:
 + Level 1.1 Fighting
 - Level 1.0 Short Blades
 - Level 1.0 Throwing
 - Level 1.5 Dodging
 - Level 1.2 Stealth
 + Level 1.3 Spellcasting
 - Level 1.0 Summonings
 - Level 1.0 Translocations
 - Level 1.0 Evocations


You had 2 spell levels left.
You didn't know any spells.
Your spell library was empty.

Dungeon Overview and Level Annotations

Branches:
Dungeon (1/15)

Altars:


Innate Abilities, Weirdness & Mutations

You have extremely sharp teeth.
When hurt, damage is shared between your health and your magic reserves.
Your bite disrupts and absorbs the magic of your enemies.
Potions cannot restore your health.


Message History

No target in view!
No target in view!
No target in view!
A kobold comes into view. It is wielding a +0 whip.
The kobold shouts!
You miss the kobold. You bite the kobold. You drain its power.
The kobold is heavily wounded.
The kobold hits you with a +0 whip.
You hit the kobold.
The kobold is severely wounded.
The kobold hits you with a +0 whip. The kobold barely misses you.
You are too injured to fight recklessly!
You are too injured to fight recklessly!
You are too injured to fight recklessly!
You are too injured to fight recklessly!
You are too injured to fight recklessly!
You are too injured to fight recklessly!
You are too injured to fight recklessly!
You are too injured to fight recklessly!
You are too injured to fight recklessly!
You are too injured to fight recklessly!
You hit the kobold.
You kill the kobold!
Magic restored.
HP restored.
Things that are here:
a +0 whip; a kobold corpse A gnoll comes into view.
It is wielding a +0 flail.
The gnoll shouts!
The gnoll barely misses you.
You barely miss the gnoll. You bite the gnoll, but do no damage.
The gnoll hits you with a +0 flail!
Ouch! That really hurt!
* * * LOW HITPOINT WARNING * * *
You are too injured to fight recklessly!
You see here a bat skeleton.
You open the door. The gnoll closely misses you.
There is an open door here.
The gnoll hits you with a +0 flail!
You die...

# #.................## ##.##
####.................####...##
..............÷......'.......###
#####...#.##.........#.........#
# ##.##.###.......##.###.##..# #
####.# ##.....###.# #.##..#
#########.# ##...## #.# #.##..#
........#### ##+## #.# #.##..#
...........#####@# #.# #.##..#
.⌠...⌠......+..#g# #.###.##..#
........⌠...##.#.### #.........#
...≈.........#.....###.........#
.........⌠...#.............#####
≈.....≈...........##########
.........⌠...#.#.##
...≈.........#.#.#
........⌠...##.#.#


You could see a gnoll.

Vanquished Creatures
  A kobold (D:1)
  A bat (D:1)
  A frilled lizard (D:1)
3 creatures vanquished.

Notes
Turn   | Place    | Note
-------+----------+-------------------------------------------
     0 | D:1      | Descartes the Vine Stalker Wanderer began the quest for the
                  | Orb.
     0 | D:1      | Descartes set off with the following items: a +0
                  | quarterstaff, 4 throwing nets, a +0 leather armour, a
                  | scroll of teleportation
     0 | D:1      | Reached XP level 1. HP: 10/10 MP: 3/3
   390 | D:1      | Slain by a gnoll

Illustrated notes

Levels and vault maps discovered:
D:1:      dpeg_arrival_stone_temple_mockup, layout_loops_corners, serial_shops,
          nicolae_diamond_shop, hangedman_decor_clover_reticule

Action                   || total
-------------------------++-------
Melee: Quarterstaff      ||     9
       Bite              ||     3
Armor: Leather armour    ||     3
Dodge: Dodged            ||     8
